 Dungeon Crawl Stone Soup version 0.28.0-53-g5a82cb258f (webtiles) character file.

Game seed: 15768846558093550259

25 Zeld the Skirmisher (level 2, -1/27 HPs)
             Began as a Minotaur Berserker on May 22, 2022.
             Was a Follower of Trog.
             Succumbed to an adder's poison
             ... on level 1 of the Dungeon.
             The game lasted 00:00:28 (143 turns).

Zeld the Skirmisher (Minotaur Berserker)             Turns: 143, Time: 00:00:28

Health: -1/27      AC:  2    Str: 21    XL:     2   Next: 86%
Magic:  1/1        EV: 12    Int:  4    God:    Trog [*.....]
Gold:   41         SH:  0    Dex:  9    Spells: 1/1 levels left

rFire   . . .      SeeInvis .   a - +0 hand axe
rCold   . . .      Faith    .   (no shield)
rNeg    . . .      Spirit   .   b - +0 animal skin
rPois   .          Reflect  .   (helmet restricted)
rElec   .          Harm     .   (no cloak)
rCorr   .          Rampage  .   (no gloves)
Will    .....                   (no boots)
Stlth   +.........              (no amulet)
HPRegen 0.09/turn               (no ring)
MPRegen 0.07/turn               (no ring)

@: lethally poisoned (-1 -> -3), on berserk cooldown, slowed, very slow
A: horns 2, retaliatory headbutt
a: Renounce Religion, Berserk


You were on level 1 of the Dungeon.
You worshipped Trog.
Trog was aware of your devotion.
You visited 1 branch of the dungeon, and saw 2 of its levels.

You collected 41 gold pieces.

Inventory:

Hand Weapons
 a - a +0 hand axe (weapon)
Armour
 b - a +0 animal skin (worn)


   Skills:
 * Level 4.1 Fighting
 * Level 4.1 Axes
 + Level 2.7 Armour
 + Level 2.5 Dodging


You had one spell level left.
You didn't know any spells.
Your spell library was empty.

Dungeon Overview and Level Annotations

Branches:
Dungeon (2/15)

Altars:


Innate Abilities, Weirdness & Mutations

You have a pair of horns on your head.
You reflexively headbutt those who attack you in melee.


Message History

You climb upwards.
There is a stone staircase leading down here.
You hit the adder. Your headbutt misses the adder.
The adder is moderately wounded.
The adder bites you but does no damage. The adder bites you.
* * * LOW HITPOINT WARNING * * *
Unknown command.
You closely miss the adder.
The adder is moderately wounded.
The adder closely misses you. The adder misses you.
Unknown command.
You hit the adder.
The adder is heavily wounded.
The adder bites you.
* * * LOW HITPOINT WARNING * * *
The adder bites you but does no damage. The adder closely misses you.
Unknown command.
You closely miss the adder.
The adder is heavily wounded.
The adder barely misses you. The adder misses you.
Unknown command.
You closely miss the adder.
The adder is heavily wounded.
The adder bites you.
* * * LOW HITPOINT WARNING * * *
You are lethally poisoned!
The adder poisons you! The adder closely misses you.
Unknown command.
You closely miss the adder.
The adder is heavily wounded.
* * * LOW HITPOINT WARNING * * *
You feel sick. The adder closely misses you. You furiously retaliate!
You headbutt the adder!
You kill the adder!
Trog accepts your kill.
You don't know any spells.
There is a lethal amount of poison in your body!
Okay, then.
Unknown command.
You die...

..# #..... #..##.# #.....
.# #..##.# ..... #.#
#..##.## ...#
##.###..#...## # #..#
#............. ## #.#..#
#.......#...##
..###.#..###..###..##.###
#......@>............# #
#.......†.)..#.#.#######
##.#..##.................
.........................
.#.#:.#...###############
# #.†....#≈≈§≈≈≈≈<≈§≈≈§§
#......#≈≈≈≈≈≈≈.§≈≈§§§
......?..#≈≈§§......§≈§§
..#.#......#≈≈.......§..§§


There were no monsters in sight!

Vanquished Creatures
  2 adders
  An endoplasm (D:2)
  2 giant cockroaches (D:1)
  A goblin (D:2)
  A ball python (D:2)
  A frilled lizard (D:1)
  A rat (D:2)
9 creatures vanquished.

Notes
Turn   | Place    | Note
-------+----------+-------------------------------------------
     0 | D:1      | Zeld the Minotaur Berserker began the quest for the Orb.
     0 | D:1      | Reached XP level 1. HP: 19/19 MP: 0/0
   113 | D:2      | Reached XP level 2. HP: 19/27 MP: 1/1
   142 | D:1      | HP: 1/27 [poisoned by an adder]
   143 | D:1      | Succumbed to an adder's poison

Illustrated notes

Levels and vault maps discovered:
D:1:      lordsloth_arrival_two_stooges, layout_loops_ring,
          dreamdust_ecumenical_altar_sealed_demon, serial_shops,
          nicolae_shop_crystal
D:2:      layout_rooms, minmay_tromino_i4

Skill      XL: |  1  2 |
---------------+-------+-----
Fighting       | 4 |  4.1
Axes           | 4 |  4.1
Armour         | |  2.7
Dodging        | |  2.5

Action                   || total
-------------------------++-------
Melee: Hand axe          ||    28
       Headbutt          ||     1
Invok: Berserk           ||     1
Armor: Animal skin       ||     5
Dodge: Dodged            ||    20
